 Dungeon Crawl Stone Soup version 0.30-a0-715-gdb4ae3ece1 (webtiles) character file.

Game seed: 10368822087175954085

135 Megalobster the Digger (level 5, 28/28 HPs)
             Began as a Gargoyle Earth Elementalist on Oct 7, 2022.
             Quit the game on level 3 of the Dungeon on Dec 28, 2023.
             The game lasted 00:12:40 (2993 turns).

Megalobster the Digger (GrEE)                       Turns: 2993, Time: 00:12:41

Health: 28/28      AC:  7    Str: 12    XL:     5   Next: 18%
Magic:  10/10      EV: 11    Int: 17    God:
Gold:   163        SH:  3    Dex: 10    Spells: 8/11 levels left

rFire   . . .      SeeInvis .    h - +0 dagger
rCold   + . .      Faith    .    t - +0 buckler
rNeg    + . .      Spirit   .    a - +0 robe
rPois   ∞          Reflect  .    k - +0 helmet
rElec   +          Harm     .    u - scarf {repulsion}
rCorr   .          Rampage  .    (no gloves)
Will    .....                    (no boots)
Stlth   ++                       (no amulet)
HPRegen 0.24/turn                r - ring of protection from cold
MPRegen 0.12/turn                (no ring)

@: repel missiles
A: sickness immunity, AC +4, negative energy resistance 1, electricity
resistance, torment resistance 1, petrification resistance
a: no special abilities


You were on level 3 of the Dungeon.
You visited 1 branch of the dungeon, and saw 3 of its levels.

You collected 163 gold pieces.

Inventory:

Hand Weapons
 d - a +0 short sword
 h - a +0 dagger (weapon)
 j - a +0 whip
Missiles
 g - 36 stones
Armour
 a - a +0 robe (worn)
 k - a +0 helmet (worn)
 t - a +0 buckler (worn)
 u - a scarf of repulsion (worn)
Jewellery
 r - a ring of protection from cold (left hand)
Scrolls
 c - a scroll of immolation {unknown}
 i - a scroll of poison {unknown}
 l - 2 scrolls of noise {unknown}
 m - 2 scrolls of identify {unknown}
 o - a scroll of fog {unknown}
 p - a scroll of magic mapping {unknown}
 q - 2 scrolls of blinking {unknown}
Potions
 b - a potion of magic
 e - a potion of flight {unknown}
 f - 2 potions of lignification {unknown}
 n - 2 potions of might {unknown}
 s - a potion of invisibility {unknown}
 v - a potion of mutation {unknown}


   Skills:
 * Level 1.9 Dodging
 - Level 2.3 Stealth
 * Level 3.5 Spellcasting
 - Level 1.7 Transmutations
 + Level 4.6 Earth Magic


You had 8 spell levels left.
You knew the following spells:

 Your Spells              Type           Power      Damage    Failure   Level
a - Sandblast             Erth           36%        2d10      3%          1
b - Passwall              Tmut/Erth      10%        N/A       10%         2

Your spell library contained the following spells:

 Spells                   Type           Power      Damage    Failure   Level
 Stone Arrow              Conj/Erth      20%        3d8       26%         3
 Petrify                  Tmut/Erth      13%        N/A       52%         4


Dungeon Overview and Level Annotations

Branches:
Dungeon (3/15)

Altars:
Gozag


Innate Abilities, Weirdness & Mutations

You are immune to sickness and miasma.
Your stone body is resilient. (AC +4)
You are immune to poison.
You resist negative energy. (rN+)
You are resistant to electric shocks. (rElec)
You are resistant to unholy torment.
You are immune to petrification.


Message History

A giant cockroach is nearby!
Unknown command.
Casting: Sandblast (safe; 3% risk of failure)
Confirm with . or Enter, or press ? or * to list all spells.
Aiming: Sandblast (safe; 3% risk of failure)
Press: ? - help, Shift-Dir - straight line, f - giant cockroach
Aim: a giant cockroach (82% to hit)
The blast of sand misses the giant cockroach.
You now have 9/10 mp.
Casting: Sandblast (safe; 3% risk of failure)
Confirm with . or Enter, or press ? or * to list all spells.
Aiming: Sandblast (safe; 3% risk of failure)
Press: ? - help, Shift-Dir - straight line, f/p - giant cockroach
Aim: a giant cockroach (82% to hit)
The blast of sand hits the giant cockroach.
The giant cockroach is severely wounded.
The giant cockroach bites you but does no damage. x2
You now have 8/10 mp.
Casting: Sandblast (safe; 3% risk of failure)
Confirm with . or Enter, or press ? or * to list all spells.
Aiming: Sandblast (safe; 3% risk of failure)
Press: ? - help, Shift-Dir - straight line, f/p - giant cockroach
Aim: a giant cockroach (severely wounded, 82% to hit)
The blast of sand hits the giant cockroach.
You kill the giant cockroach!
You now have 7/10 mp.
f - 2 pink potions (gained 1)
You see here a frilled lizard corpse.
There is an open door here.
Done exploring.
MP restored: 10 Unknown command.
Unknown command.
Unknown command.
Unknown command.
Done exploring.
Saving game... please wait.
Welcome back, Megalobster the Gargoyle Earth Elementalist.
Press ? for a list of commands and other information.
Are you sure you want to abandon this character and quit the game? (Confirm with "yes".)

...≈.≈.##.....).####............#
._.≈.≈.##.#+#.#................##
...≈.≈........#................#
≈.≈≈.≈........#................#
....)≈........#.####.........^.#
≈≈≈≈≈≈........#.# #...........#
................# #...........#
.##.............###########.##.#
................@.....#####.##.##
###.[....................##.##...
#####...............##.##.#####
#........#......##.##.#
#........+......##.##.#
#........#......##.##.###
#........####'#.##....#.#
#.....#.......#.#######.#
#.....#########.# #.###


There were no monsters in sight!

Vanquished Creatures
  5 adders (D:2)
  3 worms
  2 dart slugs (D:3)
  2 orcs (D:3)
  6 ball pythons
  8 endoplasms
  3 giant cockroaches
  4 goblins
  7 hobgoblins
  3 jackals
  8 kobolds
  2 quokkas
  6 bats
  5 frilled lizards
  5 rats
69 creatures vanquished.

Notes
Turn   | Place    | Note
-------+----------+-------------------------------------------
     0 | D:1      | Megalobster the Gargoyle Earth Elementalist began the quest
                  | for the Orb.
     0 | D:1      | Reached XP level 1. HP: 10/10 MP: 3/3
     0 | D:1      | Upgraded the game from 0.30-a0-219-gf2db51d15e to
                  | 0.30-a0-715-gdb4ae3ece1
   531 | D:1      | Reached skill level 1 in Transmutations
   531 | D:1      | Reached XP level 2. HP: 15/15 MP: 3/5
  1180 | D:2      | Reached skill level 4 in Earth Magic
  1180 | D:2      | Reached XP level 3. HP: 19/19 MP: 3/6
  1639 | D:2      | Reached XP level 4. HP: 24/24 MP: 4/8
  2097 | D:2      | Learned a level 2 spell: Passwall
  2418 | D:3      | Reached XP level 5. HP: 28/28 MP: 8/10
  2489 | D:3      | Found an opulent altar of Gozag.
  2993 | D:3      | Quit the game

Illustrated notes

Levels and vault maps discovered:
D:1:      ncdulo_smallfort, layout_loops_ring, minmay_tree_intersection
D:2:      minmay_recursive_quarters, layout_basic, minmay_misc_feat_roman,
          minmay_randomly_rotated_circles
D:3:      layout_basic, mainiacjoe_overflow_concentric_impassable

Skill      XL: |  1  2  3 |
---------------+----------+-----
Transmutations | 1 |  1.7
Earth Magic    | 4 |  4.6
Spellcasting   | 3 |  3.5
Dodging        | |  1.9
Stealth        | |  2.3

Action                     |  1- 3 |  4- 6 || total
---------------------------+-------+-------++-------
  Melee: Dagger            |     4 |    19 ||    23
   Cast: Sandblast         |    44 |    48 ||    92
   Stab: Sleeping          |       |     2 ||     2
 Armour: Robe              |    10 |     9 ||    19
  Dodge: Dodged            |    13 |    21 ||    34

Table legend: (Time is in decaauts)
 A = Elapsed time spent in this place.
 B = Non-inter-level travel time spent in this place.
 C = Inter-level travel time spent in this place.
 D = Time resting spent in this place.
 E = Time spent auto-exploring this place.
 F = Levels seen in this place.
 G = Mean time per level.
                   A        B        C        D        E       F      G
               +--------+--------+--------+--------+--------+-----+--------+
         Total |   3037 |   2985 |     52 |    344 |   2073 |   3 | 1012.3 |
       Dungeon |   3037 |   2985 |     52 |    344 |   2073 |   3 | 1012.3 |
               +--------+--------+--------+--------+--------+-----+--------+

Top non-repeatable levels by time:
     D:2: 1113 daAuts
     D:1: 1112 daAuts
     D:3: 810 daAuts
